 Dungeon Crawl Stone Soup version 0.31-a0-257-gf185e81a89 (webtiles) character file.

Game seed: 1649139774682322743

40 qw the Shooter (level 3, -1/21 HPs)
             Began as a Gargoyle Hexslinger on July 12, 2023.
             Slain by Terence
             ... wielding a +0 mace
              (8 damage)
             ... on level 2 of the Dungeon.
             The game lasted 00:00:27 (1098 turns).

qw the Shooter (Gargoyle Hexslinger)                Turns: 1098, Time: 00:00:28

Health: -1/21      AC:  5    Str: 11    XL:     3   Next: 50%
Magic:  4/4        EV: 12    Int: 13    God:
Gold:   37         SH:  0    Dex: 14    Spells: 3/4 levels left

rFire   . . .        Y - +1 sling
rCold   . . .        (no shield)
rNeg    + . .        c - +0 robe
rPois   inf          (no helmet)
rElec   +            (no cloak)
rCorr   .            (no gloves)
SInv    .            (no boots)
Will    .....        (no amulet)
Stlth   +            (no ring)
HPRegen 0.23/turn    (no ring)
MPRegen 0.09/turn

%: no passive effects
@: no status effects
A: sickness immunity, AC +3, negative energy resistance 1, electricity
resistance, torment resistance 1, petrification resistance
a: no special abilities


You were on level 2 of the Dungeon.
You visited 1 branch of the dungeon, and saw 2 of its levels.

You collected 37 gold pieces.


Innate Abilities, Weirdness & Mutations

You are immune to sickness and miasma.
Your stone body is resilient. (AC +3)
You are immune to poison.
You resist negative energy. (rN+)
You are resistant to electric shocks. (rElec)
You are resistant to unholy torment.
You are immune to petrification.


   Skills:
 - Level 2.0 Fighting
 + Level 3.4 Ranged Weapons
 - Level 1.5 Dodging
 - Level 1.0 Spellcasting
 - Level 2.6 Hexes


You had 3 spell levels left.
You knew the following spells:

 Your Spells              Type           Power      Damage    Failure   Level
a - Slow                  Hex            28%        N/A       10%         1

Your spell library contained the following spells:

 Spells                   Type           Power      Damage    Failure   Level
 Inner Flame              Hex/Fire       4%         N/A       43%         3
 Portal Projectile        Hex/Tloc       8%         N/A       43%         3
 Cause Fear               Hex            3%         N/A       67%         4

Inventory:

Hand Weapons
 Y - a +1 sling (weapon)
Armour
 c - a +0 robe (worn)
Scrolls
 a - 2 scrolls of identify {unknown}
 b - a scroll of noise {unknown}
Potions
 d - a potion of degeneration {unknown}
 h - a potion of curing {unknown}
 i - a potion of resistance {unknown}
 k - a potion of mutation {unknown}

Dungeon Overview and Level Annotations

Branches:
Dungeon (2/15)

Altars:

Annotations:
D:2 Terence


Message History

You shoot a sling bullet. The sling bullet hits the adder.
The adder is almost dead.
The adder bites you.
You shoot a sling bullet.
The sling bullet barely misses the adder.
The adder barely misses you.
You shoot a sling bullet. The sling bullet hits the adder.
You kill the adder!
You start resting.
HP restored.
Found a stone staircase leading down.
Enter note:
There is a stone staircase leading down here.
Terence and a bat come into view.
Enter note: You shoot a sling bullet.
The sling bullet hits Terence but does no damage.
Terence shouts!
You shoot a sling bullet.
The sling bullet closely misses the bat.
The bat closely misses you. The bat hits you but does no damage.
The bat misses you. Terence hits you but does no damage.
You shoot a sling bullet.
The sling bullet hits Terence but does no damage.
The bat misses you. Terence barely misses you.
The bat hits you but does no damage.
You shoot a sling bullet. The sling bullet barely misses Terence.
The bat closely misses you. Terence hits you with a +0 mace!
You shoot a sling bullet.
The sling bullet closely misses Terence.
The bat misses you. Terence hits you with a +0 mace.
You shoot a sling bullet. The sling bullet hits Terence.
Terence is moderately wounded.
The bat hits you but does no damage. The bat closely misses you.
Terence hits you with a +0 mace. Terence closely misses you.
You shoot a sling bullet. The sling bullet hits Terence.
Terence is moderately wounded.
The bat barely misses you. The bat closely misses you.
Terence hits you with a +0 mace!
You die...

#.# #. #.#
#. #.# #.
#.# #. #.#
###. #.# ...
#.#
.#####@###.#
......b@...#
...###.#####
#. #. #. #.
#. #.


You could see Terence and a bat.

Vanquished Creatures
  An adder (D:2)
  2 bats (D:1)
  3 endoplasms (D:1)
  4 giant cockroaches (D:1)
  2 goblins
  3 hobgoblins (D:1)
  2 jackals (D:1)
  4 ball pythons
  6 frilled lizards (D:1)
  A kobold (D:1)
  2 rats (D:1)
30 creatures vanquished.

Notes
Turn   | Place    | Note
-------+----------+-------------------------------------------
     0 | D:1      | qw the Gargoyle Hexslinger began the quest for the Orb.
     0 | D:1      | Reached XP level 1. HP: 12/12 MP: 2/2
     0 | D:1      | 0 ||| qw: Version: 0.3-a-52-g30416fa
     0 | D:1      | 0 ||| qw: Game counter: 6804
     0 | D:1      | 0 ||| qw: Melee chars always use a shield: true
     0 | D:1      | 0 ||| qw: God list: Okawaru
     0 | D:1      | 0 ||| qw: Allow faded altars: false
     0 | D:1      | 0 ||| qw: Do Orc after clearing Dungeon:15 true
     0 | D:1      | 0 ||| qw: Do second Lair branch before Depths: true
     0 | D:1      | 0 ||| qw: Lair rune preference: random
     0 | D:1      | 0 ||| qw: Goals: Normal
     0 | D:1      | 0 ||| PLANNING D:1-11
   108 | D:1      | Reached XP level 2. HP: 16/16 MP: 3/3
   241 | D:1      | Reached skill level 3 in Ranged Weapons
   532 | D:1      | Reached XP level 3. HP: 20/21 MP: 4/4
   852 | D:1      | 852 ||| READING scroll labelled WOBBENISUTZ.
   853 | D:1      | 853 ||| READING scroll labelled KIL QEAREV.
   854 | D:1      | 854 ||| READING scroll labelled QEADWA QIRHOSH.
   855 | D:1      | 855 ||| READING scroll labelled LUIKOTYJIE.
   856 | D:1      | 856 ||| READING scroll labelled FEFUMO PAS QIP.
   861 | D:1      | 861 ||| READING scroll labelled LOEDDOOBOIH.
   862 | D:1      | 862 ||| DRINKING 2 fizzy blue potions.
   863 | D:1      | 863 ||| DROPPING scroll of poison.
   864 | D:1      | 864 ||| DROPPING potion of magic.
   876 | D:2      | 876 ||| FLEEEEING.
  1091 | D:2      | Noticed Terence
  1098 | D:2      | Slain by Terence

Levels and vault maps discovered:
D:1:      dpeg_arrival_prison, layout_basic, grunt_decor_mini_mirrors
D:2:      layout_basic, kennysheep_small_spiral, minmay_tetromino_o2,
          uniq_terence

Skill      XL: |  1  2 |
---------------+-------+-----
Ranged Weapons | 3 |  3.4
Fighting       | 2 |  2.0
Dodging        | |  1.5
Spellcasting   | |  1.0
Hexes          | |  2.6

Action                     || total
---------------------------++-------
   Fire: Sling             ||    95
    Use: Scroll            ||     6
         Potion            ||     1
 Armour: Robe              ||    13
  Dodge: Dodged            ||    30

Table legend:
 A = Non-vault XP
 B = Vault XP
 C = Vault XP percentage of total XP
 D = Non-vault monster count
 E = Vault monster count
 F = Vault count percentage of total count
                 A         B        C        D         E       F
            +---------+---------+-------+---------+---------+-------
      Total |      50 |       8 |  13.8 |      25 |       5 |  16.7
            +---------+---------+-------+---------+---------+-------
        D:1 |      35 |       5 |  12.5 |      23 |       3 |  11.5
        D:2 |      15 |       3 |  16.7 |       2 |       2 |  50.0
            +---------+---------+-------+---------+---------+-------
